 Dungeon Crawl Stone Soup version 0.25.0-9-g26727b657a (webtiles) character file.

Game seed: 13596083135314305265

777 Delamore the Basher (level 7, 0/41 HPs)
             Began as a Gargoyle Fighter on June 18, 2020.
             Was an Initiate of Okawaru.
             Slain by a slave (5 damage)
             ... led by Pikel
             ... in the Ecumenical Temple.
             The game lasted 00:06:07 (5758 turns).

Delamore the Basher (Gargoyle Fighter)              Turns: 5758, Time: 00:06:08

Health: 0/41       AC: 12    Str: 21    XL:     7   Next: 84%
Magic:  7/7        EV:  7    Int:  5    God:    Okawaru [......]
Gold:   322        SH:  9    Dex:  9    Spells: 6/6 levels left

rFire    . . .     SeeInvis .   w - +2 whip (holy)
rCold    . . .     Gourm    .   c - +0 kite shield
rNeg     + . .     Faith    +   b - +0 scale mail
rPois    ∞         Spirit   .   y - +0 helmet
rElec    +         Reflect  .   (no cloak)
rCorr    .         Harm     .   (no gloves)
MR       .....                  (no boots)
Stlth    ..........             p - amulet of faith
HPRegen  0.13/turn              j - -4 ring of intelligence (curse)
MPRegen  0.10/turn              (no ring)

@: no status effects
A: negative energy resistance 1, electricity resistance, unbreathing,
petrification resistance, rot immunity, AC +4
a: Renounce Religion


You were in the Ecumenical Temple.
You worshipped Okawaru.
Okawaru was noncommittal.
You were not hungry.

You visited 2 branches of the dungeon, and saw 6 of its levels.

You collected 322 gold pieces.

Inventory:

Hand Weapons
 a - a +0 flail
 v - a +0 morningstar
 w - a +2 whip of holy wrath (weapon)
Missiles
 h - a throwing net (quivered)
Armour
 b - a +0 scale mail (worn)
 c - a +0 kite shield (worn)
 y - a +0 helmet (worn)
Jewellery
 j - a cursed -4 ring of intelligence (left hand)
 p - an amulet of faith (around neck)
Scrolls
 e - a scroll of remove curse {unknown}
 i - 2 scrolls of amnesia {unknown}
 k - a scroll of enchant armour {unknown}
 l - a scroll of immolation {unknown}
 m - 2 scrolls of random uselessness {unknown}
 o - a scroll of magic mapping {unknown}
 q - a scroll of teleportation
 t - 2 scrolls of blinking {unknown}
 u - a scroll of fear
Potions
 d - a potion of might
 g - 4 potions of heal wounds
 n - 2 potions of stabbing
 r - a potion of magic
 s - a potion of haste
 x - a potion of invisibility
 z - 2 potions of ambrosia
 A - a potion of mutation
 B - a potion of curing
 D - a potion of lignification
Comestibles
 f - 11 rations


   Skills:
 - Level 3.2 Fighting
 + Level 8.7 Maces & Flails
 - Level 3.2 Armour
 - Level 3.2 Shields


You had 6 spell levels left.
You didn't know any spells.
Your spell library was empty.

Dungeon Overview and Level Annotations

Branches:
Dungeon (5/15)             Temple (1/1) D:5

Altars:
Cheibriados
Dithmenos
Fedhas
Gozag
Hepliaklqana
Kikubaaqudgha
Makhleb
Nemelex Xobeh
Okawaru
Qazlal
Ru
Sif Muna
Trog
Uskayaw
Vehumet
Wu Jian
Xom
The Shining One

Shops:
D:5 (

Annotations:
D:5 Pikel


Innate Abilities, Weirdness & Mutations

You are resistant to torment.
Your stone body is resilient. (AC +4)
You are immune to poison.
You resist negative energy. (rN+)
You are resistant to electric shocks. (rElec)
You can survive without breathing.
You are immune to petrification.
You are immune to rotting.


Message History

You hit the slave.
The slave is moderately wounded.
You block the slave's attack.
You puncture the slave!
The slave is almost dead.
You block the slave's attack. The slave hits you but does no damage.
Your shield prevents you from hitting the slave.
The slave is almost dead.
The slave hits you.
* * * LOW HITPOINT WARNING * * *
You barely miss the slave.
The slave is almost dead.
The slave hits you.
* * * LOW HITPOINT WARNING * * *
Your +2 whip of holy wrath softly glows with a divine radiance!
w - a +2 whip of holy wrath (weapon)
You completely miss the slave.
The slave is almost dead.
The slave hits you.
You die...

##.......#.....#
#.....#.......#
#........'.._..#
#.._..'.......P
##.......#.....#
#.....#.......#
#.......##...##
##...##.......# ##.......#####
#####.......## #.........####
####.........#
#............####............#
##............##............##
#...._.......@pp......<....#
##........≈≈≈##o..........##
###≈≈≈≈≈≈≈≈####≈≈≈≈≈≈≈≈###
####≈≈≈### ###≈≈≈#### #####
#####


You could see 2 slaves and an orc.

Vanquished Creatures
  2 slaves
  2 ogres (D:5)
  2 phantoms (D:4)
  A scorpion (D:5)
  A bullfrog skeleton (D:5)
  2 orc wizards
  An iguana (D:4)
  4 worker ants
  A hound skeleton (D:4)
  5 adders
  A howler monkey skeleton (D:4)
  An adder zombie (D:5)
  3 worms
  A dart slug (D:4)
  3 leopard geckos
  16 orcs
  7 bats
  6 giant cockroaches
  13 goblins
  5 hobgoblins
  6 jackals (D:3)
  4 kobolds
  A quokka (D:5)
  A ball python skeleton (D:4)
  3 frilled lizards
  A giant cockroach zombie (D:5)
  2 leopard gecko skeletons (D:4)
  6 rats
101 creatures vanquished.

Notes
Turn   | Place    | Note
-------+----------+-------------------------------------------
     0 | D:1      | Delamore the Gargoyle Fighter began the quest for the Orb.
     0 | D:1      | Reached XP level 1. HP: 14/14 MP: 1/1
   162 | D:1      | Reached XP level 2. HP: 18/19 MP: 2/2
   185 | D:1      | You fall into a shaft and drop 1 floor!
   280 | D:2      | Reached skill level 3 in Maces & Flails
   298 | D:2      | Noticed a shadow
   299 | D:2      | Found a shadowy altar of Dithmenos.
   300 | D:2      | Found a hazy altar of Hepliaklqana.
   452 | D:1      | Reached XP level 3. HP: 23/23 MP: 3/3
  1147 | D:2      | Found a radiant altar of Vehumet.
  1147 | D:2      | Found a hide-covered altar of Uskayaw.
  1450 | D:2      | Reached skill level 4 in Maces & Flails
  2072 | D:3      | Reached XP level 4. HP: 25/28 MP: 4/4
  2519 | D:3      | Reached skill level 5 in Maces & Flails
  2519 | D:3      | Reached XP level 5. HP: 32/32 MP: 5/5
  2738 | D:3      | Found an ornate altar of the Wu Jian Council.
  3185 | D:4      | Found a snail-covered altar of Cheibriados.
  3185 | D:4      | Noticed an ogre
  3213 | D:4      | Found a shimmering blue altar of Sif Muna.
  3308 | D:4      | Noticed a phantom
  3371 | D:4      | Killed a phantom
  3371 | D:4      | Reached skill level 6 in Maces & Flails
  3371 | D:4      | Reached XP level 6. HP: 11/37 MP: 6/6
  3863 | D:4      | Reached skill level 7 in Maces & Flails
  4211 | D:5      | Entered Level 5 of the Dungeon
  4263 | D:5      | Reached XP level 7. HP: 30/41 MP: 7/7
  4403 | D:5      | Found Miwkuiza's Weapon Shop.
  4787 | D:5      | Reached skill level 8 in Maces & Flails
  5412 | D:5      | Found a staircase to the Ecumenical Temple.
  5412 | D:5      | Noticed Pikel
  5440 | Temple   | Entered the Ecumenical Temple
  5705 | Temple   | Became a worshipper of Warmaster Okawaru
  5758 | Temple   | Slain by a slave

Illustrated notes

Levels and vault maps discovered:
D:1:      saegor_arrival_simple_a, layout_basic, solitary_fountain
D:2:      layout_basic, riverfiend_overflow_shadow_ancestor,
          gammafunk_temple_overflow_statue, first_ration
D:3:      layout_loops_ring, nicolae_overflow_crystal_walls
D:4:      layout_cave_pools, led_sif_pool, kennysheep_slug_shrine,
          palyth_stone_intersect
D:5:      lemuel_ice_spiral_2, layout_basic, lemuel_zombie_altar_yredelemnul,
          minmay_temple_entry_statues_pillars, serial_shops, shop,
          chequers_jeans, wad_rectangle_vault, uniq_pikel
Temple:   minmay_temple_curvy_loop

Skill      XL: |  1  2  3  4  5  6  7 |
---------------+----------------------+-----
Maces & Flails | 3 4 5 6 7 8 |  8.7
Fighting       | |  3.2
Armour         | |  3.2
Shields        | |  3.2

Action                   |  1- 3 |  4- 6 |  7- 9 || total
-------------------------+-------+-------+-------++-------
Melee: Flail             |   128 |   130 |       ||   258
       Whip              |       |   175 |    59 ||   234
       Morningstar       |       |       |    34 ||    34
  Use: Scroll            |       |       |    11 ||    11
       Potion            |       |       |     1 ||     1
  Eat: Chunk             |     4 |     7 |     2 ||    13
       Ration            |       |       |     1 ||     1
Armor: Scale mail        |    74 |   161 |    48 ||   283
Dodge: Dodged            |    31 |    94 |    35 ||   160
Block: Kite shield       |    64 |   156 |    39 ||   259
